 Dungeon Crawl Stone Soup version 0.30.0-20-g3615ddf2f0 (webtiles) character file.

Game seed: 7352263245901541686

31 qw the Shield-Bearer (level 3, -1/23 HPs)
             Began as a Gargoyle Fighter on May 27, 2023.
             Slain by a gnoll
             ... wielding a +0 spear
              (2 damage)
             ... on level 2 of the Dungeon.
             The game lasted 00:00:24 (1148 turns).

qw the Shield-Bearer (Gargoyle Fighter)             Turns: 1148, Time: 00:00:24

Health: -1/23      AC: 14    Str: 21    XL:     3   Next: 22%
Magic:  3/3        EV:  5    Int:  8    God:
Gold:   74         SH:  4    Dex:  9    Spells: 2/2 levels left

rFire   . . .        Y - +0 war axe
rCold   . . .        c - +0 buckler
rNeg    + . .        g - +0 plate armour
rPois   inf          (no helmet)
rElec   +            (no cloak)
rCorr   .            (no gloves)
SInv    .            (no boots)
Will    .....        (no amulet) Stlth
                     (no ring)
HPRegen 0.23/turn    (no ring)
MPRegen 0.08/turn

%: no passive effects
@: no status effects
A: sickness immunity, AC +3, negative energy resistance 1, electricity
resistance, torment resistance 1, petrification resistance
a: no special abilities


You were on level 2 of the Dungeon.
You visited 1 branch of the dungeon, and saw 2 of its levels.

You collected 74 gold pieces.


Innate Abilities, Weirdness & Mutations

You are immune to sickness and miasma.
Your stone body is resilient. (AC +3)
You are immune to poison.
You resist negative energy. (rN+)
You are resistant to electric shocks. (rElec)
You are resistant to unholy torment.
You are immune to petrification.


   Skills:
 - Level 3.2 Fighting
 + Level 3.2 Axes
 - Level 3.2 Armour
 - Level 3.2 Shields


You had 2 spell levels left.
You didn't know any spells.
Your spell library was empty.

Inventory:

Hand Weapons
 e - a +0 whip
 Y - a +0 war axe (weapon)
Armour
 c - a +0 buckler (worn)
 g - a +0 plate armour (worn)
Jewellery
 a - an amulet of guardian spirit
Scrolls
 b - a scroll of identify {unknown}
Potions
 d - a potion of might
 i - 2 potions of cancellation
 j - a potion of haste {unknown}
 k - a potion of curing {unknown}

Dungeon Overview and Level Annotations

Branches:
Dungeon (2/15)

Altars:


Message History

You barely miss the gnoll. The gnoll hits you with a +0 flail.
You barely miss the gnoll. You block the gnoll's attack.
The gnoll hits you with a +0 flail!
You barely miss the gnoll. You block the gnoll's attack.
The gnoll hits you but does no damage.
You hit the gnoll.
The gnoll is moderately wounded.
The gnoll hits you with a +0 flail. The gnoll hits you but does no damage.
You hit the gnoll.
The gnoll is heavily wounded.
The gnoll barely misses you. You block the gnoll's attack.
The gnoll hits you but does no damage. x2
You closely miss the gnoll.
The gnoll is heavily wounded.
The gnoll hits you with a +0 flail. The gnoll hits you but does no damage.
You hit the gnoll.
The gnoll is almost dead.
The gnoll barely misses you. The gnoll hits you but does no damage.
You closely miss the gnoll.
The gnoll is almost dead.
The gnoll hits you with a +0 flail. The gnoll hits you but does no damage.
The gnoll hits you from afar with a +0 spear.
The gnoll hits you but does no damage.
You hit the gnoll.
You kill the gnoll!
You block the gnoll's attack.
You have reached level 3!
Your experience leads to an increase in your attributes!
Increase (S)trength, (I)ntelligence, or (D)exterity?
You feel stronger. x2
The gnoll hits you with a +0 spear.
Things that are here:
a +0 flail; a gnoll corpse
Enter note:
Enter note: You hit the gnoll.
The gnoll is moderately wounded.
The gnoll hits you with a +0 spear.
You die...

#+#####%#.#
...
#.......#.#
....
#######.#.#
....#
###.....##..#
...
#...........#
...
#.#.[.....###
#.##$#.....###
#..#.#.....#
#g@.#.....#
###>..#####
#####


You could see a gnoll.

Vanquished Creatures
  A gnoll (D:2)
  4 endoplasms (D:1)
  2 giant cockroaches
  A goblin (D:1)
  3 hobgoblins (D:1)
  A quokka (D:2)
  A ball python (D:1)
  2 bats (D:1)
  3 kobolds (D:1)
  A rat (D:1)
19 creatures vanquished.

Notes
Turn   | Place    | Note
-------+----------+-------------------------------------------
     0 | D:1      | qw the Gargoyle Fighter began the quest for the Orb.
     0 | D:1      | Reached XP level 1. HP: 14/14 MP: 1/1
     0 | D:1      | 0 ||| qw: Version: 0.2-a-99-gce666ed
     0 | D:1      | 0 ||| qw: Game counter: 138
     0 | D:1      | 0 ||| qw: Always use a shield: true
     0 | D:1      | 0 ||| qw: God list: Okawaru
     0 | D:1      | 0 ||| qw: Allow faded altars: false
     0 | D:1      | 0 ||| qw: Do Orc after D:15 true
     0 | D:1      | 0 ||| qw: Do second Lair branch before Depths: true
     0 | D:1      | 0 ||| qw: Lair rune preference: random
     0 | D:1      | 0 ||| qw: Plans: Normal, Zot:1-4, God:TSO, Crypt, Tomb,
                  | Pan, Slime:5, Hells, Abyss, Win
     0 | D:1      | 0 ||| PLANNING D:1-11
    90 | D:1      | Found a faded altar of an unknown god.
   182 | D:1      | Reached XP level 2. HP: 19/19 MP: 2/2
   964 | D:1      | 964 ||| UPGRADING to +0 plate armour.
   974 | D:1      | 974 ||| DROPPING +0 scale mail.
   975 | D:1      | 975 ||| DROPPING amulet of faith.
   976 | D:1      | 976 ||| READING scroll labelled ETARAPHIMP.
   977 | D:1      | 977 ||| DRINKING 3 lumpy coppery potions.
  1115 | D:2      | Reached skill level 3 in Axes
  1136 | D:2      | 1136 ||| Stepping ~*~*~tactically~*~*~ (hiding).
  1145 | D:2      | HP: 2/19 [gnoll/+0 flail (6)]
  1147 | D:2      | Reached XP level 3. HP: 1/23 MP: 3/3
  1148 | D:2      | Slain by a gnoll

Levels and vault maps discovered:
D:1:      dpeg_arrival_shelter, layout_loops_corners,
          hellmonk_ecumenical_altar_prayer_group, minivault_27
D:2:      cheibrodos_old_hovel, layout_basic

Skill      XL: |  1  2 |
---------------+-------+-----
Axes           | 2 3 |  3.2
Fighting       | |  3.2
Armour         | |  3.2
Shields        | |  3.2

Action                     || total
---------------------------++-------
  Melee: War axe           ||    60
    Use: Scroll            ||     1
         Potion            ||     1
 Armour: Scale mail        ||    20
         Plate armour      ||    11
  Dodge: Dodged            ||    22
  Block: Buckler           ||    15

Table legend:
 A = Non-vault XP
 B = Vault XP
 C = Vault XP percentage of total XP
 D = Non-vault monster count
 E = Vault monster count
 F = Vault count percentage of total count
                 A         B        C        D         E       F
            +---------+---------+-------+---------+---------+-------
      Total |      42 |       3 |   6.7 |      17 |       2 |  10.5
            +---------+---------+-------+---------+---------+-------
        D:1 |      24 |       3 |  11.1 |      14 |       2 |  12.5
        D:2 |      18 |       0 |   0.0 |       3 |       0 |   0.0
            +---------+---------+-------+---------+---------+-------
